 Dungeon Crawl Stone Soup version bcrawl-1.21.3-2-g9d8a61a446 (webtiles) character file.

Game seed: 11352930163265847088

339 Dyss the Ruffian (level 6, -5/51 HPs)
             Began as a Draconian Transmuter on Apr 21, 2020.
             Slain by a mummy (15 damage)
             ... in an ossuary.
             The game lasted 00:08:35 (3876 turns).

Dyss the Ruffian (Draconian Transmuter)             Turns: 3876, Time: 00:08:36

Health: -5/51      AC:  6    Str: 12    XL:     6   Next: 29%
Magic:  9/10       EV: 13    Int: 16    God:
Gold:   289        SH:  0    Dex: 11    Spells: 7/11 levels left

rFire    . . .     SeeInvis .     - Unarmed
rCold    . . .     Gourm    .   (no shield)
rNeg     . . .     Faith    +   (armour unavailable)
rPois    .         Spirit   .   (helmet restricted)
rElec    +         Reflect  .   (no cloak)
rCorr    .         Harm     .   (no gloves)
MR       .....                  (boots currently unavailable)
Stlth    +.........             j - amulet of faith
HPRegen  0.17/turn              h - ring of insulation
MPRegen  0.12/turn              (no ring)

@: appendage
A: unfitting armour, talons 3, cold-blooded, AC +6
a: End Transformation


You were in an ossuary.
You were not hungry.
You had grown temporary talons.
You visited 1 branch of the dungeon, and saw 4 of its levels.
You also visited: Ossuary.

You collected 289 gold pieces.

Inventory:

Hand Weapons
 d - a +0 vampiric short sword
Missiles
 a - 632 arrows
Jewellery
 h - a ring of insulation (left hand)
 j - an amulet of faith (around neck)
Scrolls
 f - a scroll of blinking {unknown}
 g - 3 scrolls of identify {unknown}
 i - 3 scrolls of teleportation {unknown}
 k - 2 scrolls of fog {unknown}
 l - 2 scrolls of magic mapping {unknown}
 r - a scroll of fear {unknown}
 s - a scroll of enchant armour {unknown}
 t - a scroll of amnesia {unknown}
Potions
 b - a potion of agility {unknown}
 c - a potion of lignification
 m - a potion of curing
 n - a potion of mutation {unknown}
 o - a potion of invisibility {unknown}
 p - a potion of cancellation {unknown}
 q - a potion of might {unknown}
Comestibles
 e - 4 rations {!d}


   Skills:
 + Level 3.1 Fighting
 - Level 2.8 Dodging
 + Level 4.1 Unarmed Combat
 + Level 3.2 Spellcasting
 + Level 3.4 Transmutations
 + Level 1.1 Poison Magic


You had 7 spell levels left.
You knew the following spells:

 Your Spells              Type           Power        Failure   Level  Hunger
a - Beastly Appendage     Tmut           ##....       4%          1    None
b - Spider Form           Tmut/Pois      #..          22%         3    ###....

Your spell library contained the following spells:

 Spells                   Type           Power        Failure   Level  Hunger
 Sticks to Snakes         Tmut           ##......     7%          2    ##.....
 Ice Form                 Ice/Tmut       #.......     65%         4    ####...
 Blade Hands              Tmut           ##........   77%         5    ######.


Dungeon Overview and Level Annotations

Branches:
Dungeon (4/12)
 Temple: D:4-7

Altars:
Elyvilon


Innate Abilities, Weirdness & Mutations

Your plain brown scales are hard. (AC +6)
You cannot fit into any form of body armour.
You are cold-blooded and may be slowed by cold attacks.
You have claws for feet.


Message History

You barely miss the hobgoblin zombie. You tail-slap the hobgoblin zombie.
You destroy the hobgoblin zombie!
The mummy hits you!
You barely miss the mummy. You hit the mummy.
The mummy is lightly damaged.
The mummy hits you!
Casting: Beastly Appendage (safe; 4% risk of failure)
Confirm with . or Enter, or press ? or * to list all spells.
Your feet morph into talons.
You hit the mummy. You claw the mummy.
The mummy is heavily damaged.
The mummy hits you!
* * * LOW HITPOINT WARNING * * *
The mummy barely misses you.
You hit the mummy. You claw the mummy, but do no damage.
Your tail-slap misses the mummy.
The mummy is heavily damaged.
The mummy hits you!
You die...

#### ##...
##.... ###
#..... ##..## ..
#.....##....##..
#.....M.........
#....@.........
##.............
#+##........#
##......#
##....## #....#
#....# #....#
#....#


You could see a mummy.

Vanquished Creatures
  A phantom (D:3)
  A centaur skeleton (D:3)
  A hound skeleton (D:3)
  4 mummies (Ossuary)
  Robin (D:2)
  2 adders (D:3)
  An ooze (D:2)
  5 worms
  A dart slug (D:2)
  8 leopard geckos
  5 orcs (D:3)
  2 bats
  3 giant cockroaches
  2 gnoll zombies (Ossuary)
  14 hobgoblins
  3 jackals (D:2)
  11 kobolds
  4 quokkas
  4 frilled lizards
  14 goblins
  2 hobgoblin zombies (Ossuary)
  2 kobold zombies (Ossuary)
  2 orc zombies (Ossuary)
  4 rats
97 creatures vanquished.

Vanquished Creatures (others)
  2 toadstools (D:1)
2 creatures vanquished.

Grand Total: 99 creatures vanquished

Notes
Turn   | Place    | Note
-------+----------+-------------------------------------------
     0 | D:1      | Dyss the Draconian Transmuter began the quest for the Orb.
     0 | D:1      | Reached XP level 1. HP: 16/16 MP: 3/3
   424 | D:1      | Reached XP level 2. HP: 18/23 MP: 5/5
  1055 | D:1      | Reached XP level 3. HP: 22/29 MP: 3/6
  1733 | D:2      | Found a white marble altar of Elyvilon.
  1793 | D:2      | Noticed Robin
  1829 | D:2      | Killed Robin
  1829 | D:2      | Reached XP level 4. HP: 20/36 MP: 7/7
  1884 | D:2      | Learned a level 3 spell: Spider Form
  2528 | D:3      | Noticed a phantom
  2559 | D:3      | Killed a phantom
  2559 | D:3      | Reached XP level 5. HP: 21/42 MP: 2/9
  2979 | D:3      | Reached skill level 4 in Unarmed Combat
  3310 | D:3      | Reached XP level 6. HP: 49/50 MP: 8/10
  3515 | D:4      | Found a sand-covered staircase.
  3523 | Ossuary  | Entered an ossuary
  3602 | Ossuary  | Reached skill level 1 in Poison Magic
  3876 | Ossuary  | Slain by a mummy

Skill      XL: |  1  2  3  4  5  6 |
---------------+-------------------+-----
Dodging        | 2 |  2.8
Fighting       | 2 3 |  3.1
Transmutations | 3 |  3.4
Spellcasting   | 3 |  3.2
Unarmed Combat | 4 |  4.1
Poison Magic   | 1 |  1.1

Action                   |  1- 3 |  4- 6 || total
-------------------------+-------+-------++-------
Melee: Unarmed           |   140 |   209 ||   349
       Tailslap          |    19 |    17 ||    36
       Kick              |    13 |    20 ||    33
       Headbutt          |     3 |     6 ||     9
       Punch             |     1 |       ||     1
 Cast: Beastly Appendage |    15 |    26 ||    41
       Spider Form       |       |     4 ||     4
  Use: Potion            |       |     2 ||     2
  Eat: Chunk             |     3 |     6 ||     9
       Ration            |       |     1 ||     1
Armor: Skin              |    27 |    62 ||    89
Dodge: Dodged            |   104 |   107 ||   211
